 Dungeon Crawl Stone Soup version 0.30-a0-860-g512cf1e979 (webtiles) character file.

Game seed: 1920210038364390440

384 bande the Covered (level 6, -6/39 HPs)
             Began as a Gargoyle Fighter on Mar 7, 2023.
             Mangled by Prince Ribbit (8 damage)
             ... on level 5 of the Dungeon.
             The game lasted 00:04:19 (3245 turns).

bande the Covered (Gargoyle Fighter)                Turns: 3245, Time: 00:04:20

Health: -6/39      AC: 14    Str: 19    XL:     6   Next: 77%
Magic:  6/6        EV:  7    Int:  9    God:
Gold:   178        SH:  4    Dex: 11    Spells: 5/5 levels left

rFire   . . .      SeeInvis .    a - +0 war axe
rCold   . . .      Faith    .    c - +0 buckler
rNeg    + . .      Spirit   .    r - +0 chain mail
rPois   ∞          Reflect  .    (no helmet)
rElec   +          Rampage  .    (no cloak)
rCorr   .                        (no gloves)
Will    .....                    (no boots) Stlth
                                 (no amulet)
HPRegen 0.26/turn                (no ring)
MPRegen 0.10/turn                (no ring)

@: mighty, brilliant
A: sickness immunity, AC +4, negative energy resistance 1, electricity
resistance, torment resistance 1, petrification resistance
a: no special abilities


You were on level 5 of the Dungeon.
You visited 2 branches of the dungeon, and saw 6 of its levels.

You collected 178 gold pieces.

Inventory:

Hand Weapons
 a - a +0 war axe (weapon)
 h - a +0 war axe
Armour
 c - a +0 buckler (worn)
 r - a +0 chain mail (worn)
Scrolls
 b - a scroll of enchant armour {unknown}
 e - a scroll of torment {unknown}
 j - 2 scrolls of blinking {unknown}
 l - 2 scrolls of magic mapping {unknown}
 m - a scroll of amnesia {unknown}
 o - a scroll of vulnerability {unknown}
 s - a scroll of teleportation {unknown}
 t - a scroll of identify {unknown}
Potions
 d - a potion of might
 f - a potion of degeneration {unknown}
 g - a potion of haste {unknown}
 i - a potion of brilliance
 k - a potion of curing
 n - a potion of lignification {unknown}
 p - a potion of heal wounds {unknown}
 q - a potion of cancellation {unknown}


   Skills:
 + Level 4.4 Fighting
 + Level 4.5 Axes
 + Level 4.6 Armour
 + Level 4.2 Shields


You had 5 spell levels left.
You didn't know any spells.
Your spell library contained the following spells:

 Spells                   Type           Power      Damage    Failure   Level
 Summon Forest            Summ/Tloc      0%         N/A       100%        5
 Eringya's Noxious Bog    Tmut/Pois      0%         N/A       100%        6
 Summon Hydra             Summ           0%         N/A       100%        7


Dungeon Overview and Level Annotations

Branches:
Dungeon (5/15)             Temple (1/1) D:4

Altars:
Ashenzari
Cheibriados
Dithmenos
Elyvilon
Fedhas
Gozag
Kikubaaqudgha
Nemelex Xobeh
Qazlal
Ru
Sif Muna
Trog
Uskayaw
Vehumet
Wu Jian
Xom
Zin
The Shining One

Shops:
D:4 [

Annotations:
D:5 Prince Ribbit


Innate Abilities, Weirdness & Mutations

You are immune to sickness and miasma.
Your stone body is resilient. (AC +4)
You are immune to poison.
You resist negative energy. (rN+)
You are resistant to electric shocks. (rElec)
You are resistant to unholy torment.
You are immune to petrification.


Message History

Prince Ribbit hits you. Prince Ribbit hits you!
You closely miss Prince Ribbit.
Prince Ribbit is lightly wounded.
Prince Ribbit hits you. You block Prince Ribbit's attack.
You hit Prince Ribbit.
Prince Ribbit is moderately wounded.
Prince Ribbit hits you but does no damage.
Prince Ribbit hits you.
You are too injured to fight recklessly!
You are too injured to fight recklessly!
You are too injured to fight recklessly!
You are too injured to fight recklessly!
You are too injured to fight recklessly!
You are too injured to fight recklessly!
It was a potion of brilliance.
You feel clever all of a sudden.
Prince Ribbit lets out a mournful croak.
You block Prince Ribbit's attack.
It was a potion of curing.
You feel better. Prince Ribbit hits you!
You feel very mighty all of a sudden.
Prince Ribbit hits you but does no damage.
Prince Ribbit completely misses you.
You closely miss Prince Ribbit.
Prince Ribbit is moderately wounded.
Prince Ribbit hits you but does no damage.
Prince Ribbit barely misses you.
You closely miss Prince Ribbit.
Prince Ribbit is moderately wounded.
Prince Ribbit hits you!
* * * LOW HITPOINT WARNING * * *
You block Prince Ribbit's attack.
You closely miss Prince Ribbit.
Prince Ribbit is moderately wounded.
Prince Ribbit barely misses you.
You miss Prince Ribbit.
Prince Ribbit is moderately wounded.
Prince Ribbit hits you.
* * * LOW HITPOINT WARNING * * *
Prince Ribbit hits you!
You die...

#................#.#
#.##############.#.#
#.#### #.#.# .....# #.#.#
#.##.###########.#.#######
..........................
#.###............#.######
..# #...†#########.# ..#
##.#<# #.F@..# ..# #.#.#
#.##### ..# #.#.# # #.#..
#.#.# #...# #####


You could see Prince Ribbit.

Vanquished Creatures
  A hound (D:5)
  A jelly (D:4)
  A sleepcap (D:4)
  3 iguanas
  8 gnolls
  4 adders
  3 worms
  3 dart slugs
  An orc (D:4)
  7 bats
  9 endoplasms
  3 giant cockroaches
  7 goblins
  8 hobgoblins
  8 jackals (D:1)
  9 kobolds
  4 quokkas
  5 ball pythons
  5 frilled lizards
  A rat (D:3)
91 creatures vanquished.

Vanquished Creatures (others)
  2 plants (D:3)
2 creatures vanquished.

Grand Total: 93 creatures vanquished

Notes
Turn   | Place    | Note
-------+----------+-------------------------------------------
     0 | D:1      | bande the Gargoyle Fighter began the quest for the Orb.
     0 | D:1      | Reached XP level 1. HP: 14/14 MP: 1/1
    71 | D:1      | Reached XP level 2. HP: 18/19 MP: 2/2
   253 | D:1      | Reached XP level 3. HP: 22/23 MP: 3/3
   871 | D:2      | Reached XP level 4. HP: 29/29 MP: 4/4
  1453 | D:3      | Found a glowing silver altar of Zin.
  1660 | D:3      | Reached XP level 5. HP: 30/33 MP: 5/5
  1665 | D:3      | Found a shimmering altar of Xom.
  2034 | D:4      | Found a hide-covered altar of Uskayaw.
  2164 | D:4      | Found a blossoming altar of Fedhas.
  2164 | D:4      | Found a radiant altar of Vehumet.
  2206 | D:4      | Reached XP level 6. HP: 33/38 MP: 6/6
  2277 | D:4      | Found a staircase to the Ecumenical Temple.
  2366 | Temple   | Entered the Ecumenical Temple
  2893 | D:4      | Found Mehewy's Armour Boutique.
  2929 | D:4      | Found a sparkling altar of Nemelex Xobeh.
  3006 | D:4      | Found a shadowy altar of Dithmenos.
  3060 | D:4      | Identified the +5 plate armour of Duty {rC+ Str+3 Dex+2}
  3149 | D:5      | Entered Level 5 of the Dungeon
  3231 | D:5      | Noticed Prince Ribbit
  3245 | D:5      | Mangled by Prince Ribbit

Illustrated notes

Levels and vault maps discovered:
D:1:      ncdulo_halloftheorcs, layout_basic
D:2:      layout_loops_cross
D:3:      layout_rooms, mainiacjoe_overflow_alcove_4, tgw_xom
D:4:      layout_gridville, mainiacjoe_overflow_paths,
          lemuel_coloured_pillars_altar, kennysheep_little_box,
          gammafunk_temple_overflow_wave, minmay_temple_entry_poolview,
          serial_shops, shop_statue
D:5:      layout_basic, mainiacjoe_overflow_chevrons, uniq_prince_ribbit1,
          uniq_grinder
Temple:   hellmonk_temple_of_storms

Skill      XL: |  1  2  3  4  5 |
---------------+----------------+-----
Axes           | 2 3 4 |  4.5
Armour         | 4 |  4.6
Fighting       | 4 |  4.4
Shields        | 4 |  4.2

Action                     |  1- 3 |  4- 6 || total
---------------------------+-------+-------++-------
  Melee: War axe           |   116 |   186 ||   302
    Use: Potion            |       |     3 ||     3
 Armour: Scale mail        |    87 |    46 ||   133
         Chain mail        |       |    69 ||    69
  Dodge: Dodged            |    75 |    93 ||   168
  Block: Buckler           |    37 |    42 ||    79

Table legend: (Time is in decaauts)
 A = Elapsed time spent in this place.
 B = Non-inter-level travel time spent in this place.
 C = Inter-level travel time spent in this place.
 D = Time resting spent in this place.
 E = Time spent auto-exploring this place.
 F = Levels seen in this place.
 G = Mean time per level.
                   A        B        C        D        E       F      G
               +--------+--------+--------+--------+--------+-----+--------+
         Total |   3369 |   3254 |    115 |    228 |   2245 |   6 |  561.5 |
       Dungeon |   3303 |   3188 |    115 |    228 |   2245 |   5 |  660.6 |
        Temple |     65 |     65 |      0 |      0 |      0 |   1 |   65.0 |
               +--------+--------+--------+--------+--------+-----+--------+

Top non-repeatable levels by time:
     D:4: 1133 daAuts
     D:1: 734 daAuts
     D:2: 680 daAuts
     D:3: 651 daAuts
     D:5: 102 daAuts
  Temple: 65 daAuts
